 Dungeon Crawl Stone Soup version 0.23.2-33-g5129a83184 (webtiles) character file.

Game seed: 8581841549988819898

538 H0rd4k the Cutter (level 7, -5/51 HPs)
             Began as a Human Artificer on July 25, 2019.
             Slain by an orc warrior
             ... wielding a +0 hand axe
              (18 damage)
             ... on level 5 of the Dungeon.
             The game lasted 00:08:55 (4566 turns).

H0rd4k the Cutter (Human Artificer)                 Turns: 4566, Time: 00:08:56

Health: -5/51      AC:  5    Str: 10    XL:     7   Next: 51%
Magic:  9/9        EV: 13    Int: 21    God:
Gold:   123        SH:  0    Dex: 13    Spells: 6/7 levels left

rFire    . . .     SeeInvis +   n - +4 short sword (flame)
rCold    . . .     Gourm    .   (no shield)
rNeg     . . .     Faith    .   s - +0 leather armour
rPois    .         Spirit   .   (no helmet)
rElec    .         Reflect  .   (no cloak)
rCorr    .         Harm     .   (no gloves)
MR       .....                  l - +1 pair of boots
Stlth    ++........             (no amulet)
HPRegen  0.17/turn              u - +4 ring of intelligence
MPRegen  0.11/turn              m - ring "Japti" {+Blink Str-3 Int+4 SInv}

@: no status effects
A: no striking features
a: Evoke Blink


You were on level 5 of the Dungeon.
You were near starving.

You visited 1 branch of the dungeon, and saw 5 of its levels.

You collected 253 gold pieces.
You spent 130 gold pieces at shops.

Inventory:

Hand Weapons
 a - a +2 dagger of venom
 j - a +0 hunting sling
 n - a +4 short sword of flaming (weapon)
Missiles
 g - 6 tomahawks (quivered)
Armour
 b - a +0 leather armour
 k - a +0 pair of gloves
 l - a +1 pair of boots (worn)
 s - a +0 leather armour (worn)
 x - a +0 leather armour of positive energy
Jewellery
 i - a +1 ring of protection
 m - the ring "Japti" (right hand) {+Blink Str-3 Int+4 SInv}
   (You bought it in a shop on level 4 of the Dungeon)

   [ring of see invisible]

   It affects your strength (-3).
   It affects your intelligence (+4).
   It lets you see invisible.
   It lets you blink.
 u - a +4 ring of intelligence (left hand)
Wands
 c - a wand of flame (15)
 d - a wand of enslavement (15)
 e - a wand of random effects (35)
Scrolls
 h - 3 scrolls of magic mapping
 o - a scroll of fear {unknown}
 r - 6 scrolls of identify {unknown}
 t - 2 scrolls of remove curse
Potions
 p - a potion of lignification
 q - a potion of heal wounds
 v - 3 potions of degeneration {unknown}
 w - 2 potions of agility {unknown}
Comestibles
 f - 4 rations


   Skills:
 + Level 2.9 Fighting
 + Level 4.1 Short Blades
 + Level 3.0 Armour
 + Level 3.6 Dodging
 + Level 1.8 Stealth
 * Level 0.8 Spellcasting
 * Level 0.5 Conjurations
 * Level 0.4 Poison Magic
 + Level 3.4 Evocations


You had 6 spell levels left.
You knew the following spells:

 Your Spells              Type           Power        Failure   Level  Hunger
a - Sting                 Conj/Pois      #...         19%         1    ##.....

Your spell library contained the following spells:

 Spells                   Type           Power        Failure   Level  Hunger
 Poisonous Vapours        Pois/Air       #.....       30%         2    ###....
 Mephitic Cloud           Conj/Pois/Air  #.......     50%         3    ####...
 Olgreb's Toxic Radiance  Pois           #.......     87%         4    #####..
 Venom Bolt               Conj/Pois      #.........   99%         5    ######.


Dungeon Overview and Level Annotations

Branches:
Dungeon (5/15)
 Temple: D:4-7

Altars:
Ashenzari
Ru
Sif Muna
The Shining One

Shops:
D:4 *   D:5 (

Annotations:
D:3 exclusion: downstairs
D:4 Eustachio


Message History

The orc warrior barely misses you.
You hit the orc warrior but do no damage.
The orc warrior is almost dead.
The orc hits the plant but does no damage.
The orc warrior barely misses you.
You hit the orc warrior. You burn the orc warrior.
The orc warrior is almost dead.
The orc hits the plant but does no damage.
You hit the orc warrior but do no damage.
The orc warrior is almost dead.
The orc warrior misses you.
The orc hits the plant with a +0 club.
You barely miss the orc warrior.
The orc warrior is almost dead.
The orc warrior hits you with a +0 hand axe!
* * * LOW HITPOINT WARNING * * *
The orc hits the plant but does no damage.
You closely miss the orc warrior.
The orc warrior is almost dead.
The orc warrior hits you with a +0 hand axe!!
You die... .#.....#### .#.#..###### #.#o. .##...## #.##..# ##.#.. ###.### #.##..# ######....# ... ###.....# #....W..!#. .... ........# #W####..#.. .... ###.##..#####.# #.#... .#≈ #..........#.## #.#.≈≈ ≈≈P.##..###....###.#≈..
PP.

#@......#.....#≈._
≈♣≈PPoP#####..?###.#≈..
PP≈≈≈♣PoPP####.###..#.≈≈
P...≈≈♣≈≈PP≈.#.# #..#...
###≈.PP♣≈≈≈P.PW# #...#..
### #...P♣≈≈♣≈PP.#
##.#.#. ..#### #.≈PP
♣♣≈≈≈≈.# #.##.# ......
...PP♣♣≈≈≈P.W####.# #.
..#### ≈P≈≈≈♣≈P≈P......#
#


You could see an orc warrior and an orc.

Vanquished Creatures
  Menkaure (D:5)
  A phantom (D:5)
  A bullfrog zombie (D:4)
  3 orc wizards (D:4)
  Jessica (D:2)
  Ijyb (D:4)
  A worker ant (D:4)
  4 gnolls (D:4)
  2 adders
  An ooze (D:2)
  An adder skeleton (D:4)
  4 dart slugs
  5 leopard geckos
  10 orcs
  12 bats
  A giant cockroach (D:1)
  4 goblins
  5 hobgoblins
  4 jackals
  7 kobolds
  2 quokkas
  5 frilled lizards
  6 rats
82 creatures vanquished.

Vanquished Creatures (others)
  3 plants (D:5)
3 creatures vanquished.

Grand Total: 85 creatures vanquished

Notes
Turn   | Place    | Note
-------+----------+-------------------------------------------
     0 | D:1      | H0rd4k the Human Artificer began the quest for the Orb.
     0 | D:1      | Reached XP level 1. HP: 15/15 MP: 3/3
   315 | D:1      | Reached XP level 2. HP: 17/21 MP: 4/4
   731 | D:1      | Reached XP level 3. HP: 22/26 MP: 5/5
  1410 | D:2      | Found a deep blue altar of Sif Muna.
  1527 | D:2      | Noticed Jessica
  1559 | D:2      | Killed Jessica
  1559 | D:2      | Reached skill level 1 in Armour
  1559 | D:2      | Reached XP level 4. HP: 13/32 MP: 6/6
  1846 | D:2      | Reached skill level 2 in Short Blades
  2479 | D:3      | Reached XP level 5. HP: 33/37 MP: 7/7
  2705 | D:4      | Found a shattered altar of Ashenzari.
  2725 | D:4      | HP: 2/57 [poisoned by an orc wizard]
  3050 | D:4      | Found Veijo's Assorted Antiques.
  3058 | D:4      | Bought a steaming turquoise ring for 130 gold pieces
  3059 | D:4      | Identified the ring "Japti" {+Blink Str-3 Int+4 SInv} (You
                  | bought it in a shop on level 4 of the Dungeon)
  3093 | D:4      | Reached XP level 6. HP: 36/44 MP: 8/8
  3206 | D:4      | Noticed Eustachio
  3307 | D:5      | Entered Level 5 of the Dungeon
  3308 | D:5      | Noticed an orc warrior
  3310 | D:5      | Noticed Menkaure
  3318 | D:5      | Killed Menkaure
  3318 | D:5      | Reached skill level 3 in Short Blades
  3354 | D:5      | Found Imemah's Weapon Shoppe.
  3414 | D:5      | Found a sacrificial altar of Ru.
  3416 | D:5      | Noticed a phantom
  3520 | D:4      | Learned a level 1 spell: Sting
  3688 | D:4      | Reached XP level 7. HP: 50/51 MP: 9/9
  3905 | D:4      | Found a glowing golden altar of the Shining One.
  4097 | D:4      | Noticed Ijyb
  4123 | D:4      | Killed Ijyb
  4379 | D:5      | Reached skill level 4 in Short Blades
  4566 | D:5      | Slain by an orc warrior

Skill      XL: |  1  2  3  4  5  6  7 |
---------------+----------------------+-----
Armour         | 1 2 3 |  3.0
Short Blades   | 2 3 4 |  4.1
Dodging        | 3 |  3.6
Fighting       | 2 |  2.9
Stealth        | |  1.8
Spellcasting   | |  0.8
Conjurations   | |  0.5
Poison Magic   | |  0.4
Evocations     | |  3.4

Action                   |  1- 3 |  4- 6 |  7- 9 || total
-------------------------+-------+-------+-------++-------
Melee: Short sword       |   170 |   134 |    91 ||   395
 Cast: Sting             |       |     1 |       ||     1
  Use: Scroll            |       |     5 |       ||     5
       Potion            |       |     2 |       ||     2
 Stab: Sleeping          |     2 |     1 |       ||     3
  Eat: Chunk             |     2 |     5 |       ||     7
       Ration            |       |     1 |       ||     1
Armor: Leather armour    |    69 |    43 |    11 ||   123
       Skin              |       |     6 |       ||     6
Dodge: Dodged            |   170 |    81 |    48 ||   299
